3A
HIGHWOOD HAWKS @ COLUMBIA RIVER RATS
08/12/2034
 
TOP OF THE 1ST
Highwood Hawks batting - Pitching for Columbia River Rats : RHP Robert Snoddy
Pitching: RHP Robert Snoddy
Batting: RHB Jamal Grant 0-0: Called Strike
0-1: Ground out U3 (Groundball, 3S)
Batting: LHB Yi-da Yee 0-0: Ball
1-0: Ball
2-0: Ball
3-0: Base on Balls
Batting: SHB Arvo Helminen 0-0: DOUBLE (Line Drive, 3D)
Yi-da Yee to third
Batting: RHB Jon Deal 0-0: Called Strike
0-1: Ball
1-1: Fly out, F7 (Flyball, 7S)
Batting: LHB Scott Miles 0-0: Ball
1-0: DOUBLE (Line Drive, 9LD)
Yi-da Yee scores
Arvo Helminen scores
Batting: RHB Victor Drenth 0-0: Swinging Strike
0-1: Foul Ball, location: 2F
0-2: Ball
1-2: Strikes out swinging
Top of the 1st over - 2 runs, 2 hits, 0 errors, 1 left on base; Highwood 2 - Columbia 0
BOTTOM OF THE 1ST
Columbia River Rats batting - Pitching for Highwood Hawks : RHP Olaf Solleveld
Pitching: RHP Olaf Solleveld
Batting: LHB Kevin McIndeor 0-0: Fly out, F8 (Flyball, 78M)
Pitching: RHP Pi-ao Tsao
Batting: LHB Bruce Webster 0-0: Ball
1-0: Ball
2-0: Ball
3-0: Base on Balls
Batting: RHB Carsello Scruggins 0-0: Called Strike
0-1: Ball
1-1: Ball
2-1: Ball
3-1: Called Strike
3-2: SINGLE (Line Drive, 6D)
Bruce Webster to second
Bruce Webster to third
Batting: RHB Tyler Bowen 0-0: Ball
Carsello Scruggins steals 2nd base
1-0: Ball
2-0: Ball
3-0: Base on Balls
Batting: SHB Brian Burt 0-0: Ball
1-0: Swinging Strike
1-1: Foul Ball, location: 2F
1-2: Foul Ball, location: 2F
1-2: Foul Ball, location: 2F
1-2: Ball
2-2: Fly out, F8 (Flyball, 8RS)
Runner from 3rd tags up, SCORES, throw made
Batting: RHB Don Skerrett 0-0: Called Strike
0-1: Called Strike
0-2: Ball
1-2: Foul Ball, location: 2F
1-2: Ground out 1-3 (Groundball, 13)
Bottom of the 1st over - 1 run, 1 hit, 0 errors, 2 left on base; Highwood 2 - Columbia 1
TOP OF THE 2ND
Highwood Hawks batting - Pitching for Columbia River Rats : RHP Robert Snoddy
Batting: RHB Alejandro Córdova 0-0: Ball
1-0: Swinging Strike
1-1: Called Strike
1-2: Foul Ball, location: 2F
1-2: Ball
2-2: Strikes out swinging
Batting: RHB Xiao-gang Xú 0-0: Foul Ball, location: 2F
0-1: Called Strike
0-2: Foul Ball, location: 2F
0-2: Foul Ball, location: 2F
0-2: Strikes out looking
Batting: RHB Paco Ibarra 0-0: Ball
1-0: Foul Ball, location: 2F
1-1: Bunted foul
1-2: Foul Ball, location: 2F
1-2: Ball
2-2: Foul Ball, location: 2F
2-2: Foul Ball, location: 2F
2-2: Ball
3-2: Ground out 6-3 (Groundball, 6S)
Top of the 2nd over - 0 runs, 0 hits, 0 errors, 0 left on base; Highwood 2 - Columbia 1
BOTTOM OF THE 2ND
Columbia River Rats batting - Pitching for Highwood Hawks : RHP Pi-ao Tsao
Batting: RHB Zi-cheng Sun 0-0: Ball
1-0: Called Strike
1-1: SINGLE (Line Drive, 7S)
Batting: RHB Francis Raffone 0-0: Grounds into double play, 6-4-3 (Groundball, 6)
Batting: RHB Hildo Aldershoff 0-0: Called Strike
0-1: SINGLE (Groundball, 4MD)
Batting: LHB Kevin McIndeor 0-0: Ball
1-0: SINGLE (Line Drive, 34D)
Hildo Aldershoff to second
Runner from 2nd tries for 3rd, SAFE, no throw
Batting: LHB Bruce Webster 0-0: Ball
1-0: Foul Ball, location: 2F
1-1: Swinging Strike
1-2: Ground out U3 (Groundball, 3L)
Bottom of the 2nd over - 0 runs, 3 hits, 0 errors, 2 left on base; Highwood 2 - Columbia 1
TOP OF THE 3RD
Highwood Hawks batting - Pitching for Columbia River Rats : RHP Robert Snoddy
Batting: RHB Jamal Grant 0-0: Ball
1-0: SINGLE (Line Drive, 9S)
Batting: LHB Yi-da Yee 0-0: Called Strike
0-1: Ball
1-1: Ball
2-1: Foul Ball, location: 2F
2-2: Foul Ball, location: 2F
2-2: SINGLE (Line Drive, 78M)
Jamal Grant to second
Batting: SHB Arvo Helminen 0-0: Ball
1-0: Swinging Strike
1-1: Ball
2-1: Foul Ball, location: 2F
2-2: Foul Ball, location: 2F
2-2: Foul Ball, location: 2F
2-2: Foul Ball, location: 2F
2-2: Strikes out swinging
Batting: RHB Jon Deal 0-0: Foul Ball, location: 2F
0-1: Ball
1-1: Foul Ball, location: 2F
1-2: Foul Ball, location: 2F
1-2: Foul Ball, location: 2F
1-2: SINGLE (Groundball, 34D)
Jamal Grant to third
Yi-da Yee to second
Batting: LHB Scott Miles 0-0: Foul Ball, location: 2F
0-1: Ball
1-1: Called Strike
1-2: Ball
2-2: Foul Ball, location: 2F
2-2: SINGLE (Flyball, 8RS)
Jamal Grant scores
Yi-da Yee to third
Jon Deal to second
Batting: RHB Victor Drenth 0-0: Ball
1-0: Called Strike
1-1: GRAND SLAM HOME RUN (Flyball, 7D), Distance : 390 ft
Batting: RHB Alejandro Córdova 0-0: Called Strike
0-1: Ground out 6-3 (Groundball, 6S)
Batting: RHB Xiao-gang Xú 0-0: Ball
1-0: Foul Ball, location: 2F
1-1: Foul Ball, location: 2F
1-2: Ball
2-2: Ball
3-2: SINGLE (Groundball, 34D)
Batting: RHB Paco Ibarra 0-0: Ball
1-0: Ball
2-0: Ball
3-0: Called Strike
3-1: Swinging Strike
3-2: SINGLE (Flyball, 78M)
Xiao-gang Xú to second
Xiao-gang Xú to third
Batting: RHB Jamal Grant 0-0: Ball
1-0: Ball
2-0: Foul Ball, location: 2F
2-1: Ground out 5-3 (Groundball, 56S)
Top of the 3rd over - 5 runs, 7 hits, 0 errors, 2 left on base; Highwood 7 - Columbia 1
BOTTOM OF THE 3RD
Columbia River Rats batting - Pitching for Highwood Hawks : RHP Pi-ao Tsao
Batting: RHB Carsello Scruggins 0-0: Called Strike
0-1: Ball
1-1: Called Strike
1-2: Foul Ball, location: 2F
1-2: Strikes out looking
Batting: RHB Tyler Bowen 0-0: Foul Ball, location: 2F
0-1: Ball
1-1: Foul Ball, location: 2F
1-2: Ball
2-2: SOLO HOME RUN (Flyball, 7LD), Distance : 341 ft
Batting: SHB Brian Burt 0-0: Foul Ball, location: 2F
0-1: Swinging Strike
0-2: Strikes out swinging
Batting: RHB Don Skerrett 0-0: Ball
1-0: Ball
2-0: Ball
3-0: Base on Balls
Batting: RHB Zi-cheng Sun 0-0: Ball
1-0: Ball
2-0: Ball
3-0: Base on Balls
Don Skerrett to second
Pitching: LHP Danny Richardson
Batting: RHB Francis Raffone 0-0: Fly out, F3 (Popup, 23F)
Bottom of the 3rd over - 1 run, 1 hit, 0 errors, 2 left on base; Highwood 7 - Columbia 2
TOP OF THE 4TH
Highwood Hawks batting - Pitching for Columbia River Rats : RHP Robert Snoddy
Batting: LHB Yi-da Yee 0-0: Called Strike
0-1: Swinging Strike
0-2: Foul Ball, location: 2F
0-2: Strikes out looking
Batting: SHB Arvo Helminen 0-0: Called Strike
0-1: Ball
1-1: Ball
2-1: Ball
3-1: Base on Balls
Batting: RHB Jon Deal 0-0: Ball
1-0: Ball
Arvo Helminen steals 2nd base
2-0: Called Strike
2-1: Called Strike
2-2: Foul Ball, location: 2F
2-2: Ball
3-2: Ground out 5-3 (Groundball, 5L)
Pitching: RHP Kaaleppi Seppänen
Batting: LHB Scott Miles 0-0: Ball
1-0: Ball
2-0: Ground out 5-3 (Groundball, 5)
Top of the 4th over - 0 runs, 0 hits, 0 errors, 1 left on base; Highwood 7 - Columbia 2
BOTTOM OF THE 4TH
Columbia River Rats batting - Pitching for Highwood Hawks : LHP Danny Richardson
Batting: RHB Hildo Aldershoff 0-0: Foul Ball, location: 2F
0-1: Foul Ball, location: 2F
0-2: Strikes out swinging
Batting: LHB Kevin McIndeor 0-0: Called Strike
0-1: Foul Ball, location: 2F
0-2: Ball
1-2: Ball
2-2: Ball
3-2: Foul Ball, location: 2F
3-2: Ground out U3 (Groundball, 3S)
Batting: LHB Bruce Webster 0-0: Ball
1-0: SINGLE (Flyball, 78S)
Batting: RHB Carsello Scruggins 0-0: Called Strike
0-1: Called Strike
0-2: Strikes out looking
Bottom of the 4th over - 0 runs, 1 hit, 0 errors, 1 left on base; Highwood 7 - Columbia 2
TOP OF THE 5TH
Highwood Hawks batting - Pitching for Columbia River Rats : RHP Kaaleppi Seppänen
Batting: RHB Victor Drenth 0-0: Ball
1-0: Called Strike
1-1: Fly out, F7 (Flyball, 78D)
Batting: RHB Alejandro Córdova 0-0: Ball
1-0: Ball
2-0: SINGLE (Groundball, 4MD)
Batting: RHB Xiao-gang Xú 0-0: Swinging Strike
0-1: Ball
1-1: Ball
2-1: Foul Ball, location: 2F
2-2: Strikes out swinging
Batting: RHB Paco Ibarra 0-0: Ball
1-0: Ground out 1-3 (Groundball, P)
Top of the 5th over - 0 runs, 1 hit, 0 errors, 1 left on base; Highwood 7 - Columbia 2
BOTTOM OF THE 5TH
Columbia River Rats batting - Pitching for Highwood Hawks : LHP Danny Richardson
Batting: RHB Tyler Bowen 0-0: Ball
1-0: Foul Ball, location: 2F
1-1: Called Strike
1-2: Fly out, F8 (Flyball, 8RS)
Batting: SHB Brian Burt 0-0: Ball
1-0: Ball
2-0: Ball
3-0: Base on Balls
Batting: RHB Don Skerrett 0-0: Called Strike
0-1: Swinging Strike
0-2: Ball
1-2: Foul Ball, location: 2F
1-2: Ball
2-2: Ball
3-2: Base on Balls
Brian Burt to second
Batting: RHB Zi-cheng Sun 0-0: Ball
1-0: Ball
2-0: Ball
3-0: Called Strike
3-1: Base on Balls
Brian Burt to third
Don Skerrett to second
Batting: RHB Francis Raffone 0-0: Ball
1-0: Ball
2-0: Called Strike
2-1: Ball
3-1: Base on Balls
Brian Burt scores
Don Skerrett to third
Zi-cheng Sun to second
Batting: RHB Hildo Aldershoff 0-0: Ball
1-0: Fly out, F8 (Line Drive, 78D)
Runner from 3rd tags up, SCORES, no throw
Batting: LHB Kevin McIndeor 0-0: Ball
1-0: Ball
2-0: Ball
3-0: Called Strike
3-1: Called Strike
3-2: Foul Ball, location: 2F
3-2: Base on Balls
Zi-cheng Sun to third
Francis Raffone to second
Pitching: LHP Kenny Hunt
Batting: LHB Bruce Webster 0-0: Called Strike
0-1: SINGLE (Groundball, 6MD)
Zi-cheng Sun scores
Francis Raffone to third
Kevin McIndeor to second
Runner from 3rd tries for Home, SAFE, no throw
Batting: RHB Carsello Scruggins 0-0: Foul Ball, location: 2F
0-1: Swinging Strike
0-2: Strikes out looking
Bottom of the 5th over - 4 runs, 1 hit, 0 errors, 2 left on base; Highwood 7 - Columbia 6
TOP OF THE 6TH
Highwood Hawks batting - Pitching for Columbia River Rats : RHP Kaaleppi Seppänen
Batting: RHB Jamal Grant 0-0: Ball
1-0: Ball
2-0: Foul Ball, location: 2F
2-1: Swinging Strike
2-2: Strikes out looking
Batting: LHB Yi-da Yee 0-0: Ball
1-0: Ball
2-0: Ball
3-0: Base on Balls
Batting: SHB Arvo Helminen 0-0: Ball
1-0: Called Strike
1-1: Ball
2-1: Foul Ball, location: 2F
2-2: Foul Ball, location: 2F
2-2: Ball
3-2: Base on Balls
Yi-da Yee to second
Batting: RHB Jon Deal 0-0: Grounds into double play, 5-4-3 (Groundball, 5)
Top of the 6th over - 0 runs, 0 hits, 0 errors, 1 left on base; Highwood 7 - Columbia 6
BOTTOM OF THE 6TH
Columbia River Rats batting - Pitching for Highwood Hawks : LHP Kenny Hunt
Batting: RHB Tyler Bowen 0-0: Called Strike
0-1: Ball
1-1: Ball
2-1: Swinging Strike
2-2: Foul Ball, location: 2F
2-2: Fly out, F7 (Flyball, 78D)
Batting: SHB Brian Burt 0-0: Ball
1-0: Swinging Strike
1-1: Fly out, F4 (Popup, 4MD)
Batting: RHB Don Skerrett 0-0: Ball
1-0: Ball
2-0: Called Strike
2-1: Ball
3-1: Foul Ball, location: 2F
3-2: Base on Balls
Batting: RHB Zi-cheng Sun 0-0: Ball
1-0: Fly out, F2 (Popup, 25F)
Bottom of the 6th over - 0 runs, 0 hits, 0 errors, 1 left on base; Highwood 7 - Columbia 6
TOP OF THE 7TH
Highwood Hawks batting - Pitching for Columbia River Rats : RHP Kaaleppi Seppänen
Batting: LHB Scott Miles 0-0: Ground out 6-3 (Groundball, 6)
Batting: RHB Victor Drenth 0-0: Foul Ball, location: 2F
0-1: Swinging Strike
0-2: Foul Ball, location: 2F
0-2: Ball
1-2: Foul Ball, location: 2F
1-2: Hit by Pitch
Pinch Hitting: LHB Tom Bell 0-0: Called Strike
0-1: Fly out, F5 (Popup, 25F)
Batting: RHB Xiao-gang Xú 0-0: Ball
1-0: Swinging Strike
1-1: Ball
2-1: Ball
3-1: Base on Balls
Victor Drenth to second
Pinch Hitting: RHB Ron Lawrence 0-0: Ground out 5-3 (Groundball, 56)
Top of the 7th over - 0 runs, 0 hits, 0 errors, 2 left on base; Highwood 7 - Columbia 6
BOTTOM OF THE 7TH
Columbia River Rats batting - Pitching for Highwood Hawks : LHP Kenny Hunt
Now at 3B: Ron Lawrence
Now in RF: Tom Bell
Batting: RHB Francis Raffone 0-0: Fly out, F4 (Line Drive, 4)
Batting: RHB Hildo Aldershoff 0-0: Ball
1-0: Ball
2-0: Called Strike
2-1: Ball
3-1: Base on Balls
Pinch Hitting: RHB Don Parker 0-0: Swinging Strike
0-1: Swinging Strike
0-2: Foul Ball, location: 2F
0-2: Ball
1-2: Fly out, F7 (Flyball, 8LS)
Pinch Hitting: RHB Tyler Marés 0-0: Ball
1-0: Ball
2-0: Foul Ball, location: 2F
2-1: Called Strike
2-2: Foul Ball, location: 2F
2-2: Ball
3-2: Strikes out swinging
Bottom of the 7th over - 0 runs, 0 hits, 0 errors, 1 left on base; Highwood 7 - Columbia 6
TOP OF THE 8TH
Highwood Hawks batting - Pitching for Columbia River Rats : RHP Kaaleppi Seppänen
Now at 2B: Tyler Marés
Now in RF: José Palma
Batting: RHB Jamal Grant 0-0: Swinging Strike
0-1: Ball
1-1: Called Strike
1-2: Foul Ball, location: 2F
1-2: Strikes out swinging
Batting: LHB Yi-da Yee 0-0: Ground out 4-3 (Groundball, 4)
Batting: SHB Arvo Helminen 0-0: Ball
1-0: Fly out, F8 (Flyball, 78S)
Top of the 8th over - 0 runs, 0 hits, 0 errors, 0 left on base; Highwood 7 - Columbia 6
BOTTOM OF THE 8TH
Columbia River Rats batting - Pitching for Highwood Hawks : LHP Kenny Hunt
Batting: RHB Carsello Scruggins 0-0: Fly out, F8 (Flyball, 8RD)
Batting: RHB Tyler Bowen 0-0: Ball
1-0: Foul Ball, location: 2F
1-1: Foul Ball, location: 2F
1-2: Strikes out looking
Batting: SHB Brian Burt 0-0: Ball
1-0: Ball
2-0: Called Strike
2-1: Foul Ball, location: 2F
2-2: Ball
3-2: Fly out, F6 (Popup, P)
Bottom of the 8th over - 0 runs, 0 hits, 0 errors, 0 left on base; Highwood 7 - Columbia 6
TOP OF THE 9TH
Highwood Hawks batting - Pitching for Columbia River Rats : RHP Kaaleppi Seppänen
Batting: RHB Jon Deal 0-0: Called Strike
0-1: Ground out 6-3 (Groundball, 6)
Batting: LHB Scott Miles 0-0: Ball
1-0: SINGLE (Groundball, 34D)
Pitching: RHP José Mejía
Batting: RHB Victor Drenth 0-0: Called Strike
0-1: Ball
1-1: Ball
2-1: 2-RUN HOME RUN (Flyball, 9D), Distance : 389 ft
Batting: LHB Tom Bell 0-0: Swinging Strike
0-1: Ball
1-1: Foul Ball, location: 2F
1-2: Ball
2-2: Ball
3-2: Strikes out swinging
Batting: RHB Xiao-gang Xú 0-0: Ball
1-0: Called Strike
1-1: Called Strike
1-2: Ball
2-2: Fly out, F6 (Popup, 6S)
Top of the 9th over - 2 runs, 2 hits, 0 errors, 0 left on base; Highwood 9 - Columbia 6
BOTTOM OF THE 9TH
Columbia River Rats batting - Pitching for Highwood Hawks : LHP Kenny Hunt
Pitching: LHP Stan Lowe
Batting: RHB Don Skerrett 0-0: Called Strike
0-1: Ball
1-1: Ball
2-1: Ball
3-1: Called Strike
3-2: Foul Ball, location: 2F
3-2: Base on Balls
Batting: RHB Zi-cheng Sun 0-0: Ball
1-0: Foul Ball, location: 2F
1-1: Fly out, F3 (Popup, 34)
Batting: RHB Francis Raffone 0-0: Ball
1-0: Ball
2-0: Ball
3-0: Base on Balls
Don Skerrett to second
Batting: RHB Hildo Aldershoff 0-0: Ball
1-0: Ball
2-0: Grounds into double play, 4-6-3 (Groundball, 4)
Bottom of the 9th over - 0 runs, 0 hits, 0 errors, 1 left on base; Highwood 9 - Columbia 6
Friday, March 29th, 2019 - OOTP Baseball 18.8 Build 76